 Dungeon Crawl Stone Soup version 0.28-a0-535-g6f645e4c1d (webtiles) character file.

Game seed: 3174549113202864374

21 jasper the Grave Robber (level 2, -7/19 HPs)
             Began as a Demonspawn Necromancer on Sept 26, 2021.
             Killed from afar by an orc wizard (9 damage)
             ... with a magic dart
             ... on level 3 of the Dungeon.
             The game lasted 00:02:13 (689 turns).

jasper the Grave Robber (Demonspawn Necromancer)     Turns: 689, Time: 00:02:13

Health: -7/19      AC:  2    Str:  8    XL:     2   Next: 65%
Magic:  5/5        EV: 12    Int: 16    God:
Gold:   0          SH:  0    Dex: 13    Spells: 3/5 levels left

rFire   . . .      SeeInvis .   b - +0 dagger
rCold   . . .      Faith    .   (no shield)
rNeg    . . .      Spirit   .   a - +0 robe
rPois   .          Reflect  .   (no helmet)
rElec   .          Harm     .   (no cloak)
rCorr   .          Rampage  .   (no gloves)
Will    .....                   (no boots)
Stlth   ++........              (no amulet)
HPRegen 0.06/turn               (no ring)
MPRegen 0.09/turn               (no ring)

@: no status effects
A: talons 1
a: no special abilities


You were on level 3 of the Dungeon.
You visited 1 branch of the dungeon, and saw 3 of its levels.

Inventory:

Hand Weapons
 b - a +0 dagger (weapon)
Armour
 a - a +0 robe (worn)
 d - a +0 buckler


   Skills:
 - Level 1.7 Dodging
 - Level 1.7 Stealth
 - Level 2.0 Spellcasting
 + Level 5.3 Necromancy


You had 3 spell levels left.
You knew the following spells:

 Your Spells              Type           Power      Damage    Failure   Level
a - Pain                  Necr           72%        1d7       2%          1
b - Animate Skeleton      Necr           36%        N/A       2%          1

Your spell library contained the following spells:

 Spells                   Type           Power      Damage    Failure   Level
 Vampiric Draining        Necr           9%         2d7       7%          3
 Animate Dead             Necr           9%         N/A       24%         4
 Agony                    Necr           18%        N/A       54%         5


Dungeon Overview and Level Annotations

Branches:
Dungeon (3/15)

Altars:

Annotations:
D:2 Robin


Innate Abilities, Weirdness & Mutations

You have sharp toenails.


Message History

Press: ? - help, Q - select action, (/) - cycle Shift-Dir - straight line, f - orc wizard
Aim: an orc wizard, wielding a +0 dagger and wearing a +0 robe (chance to affect: 78%)
The orc wizard writhes in agony.
The orc wizard hits you with a +0 dagger.
You take 2 damage, and have 8/19 hp.
You now have 4/5 mp.
Aiming: Pain (safe; 2% risk of failure)
Press: ? - help, Q - select action, (/) - cycle Shift-Dir - straight line, f/p - orc wizard
Aim: an orc wizard, wielding a +0 dagger and wearing a +0 robe (moderately wounded, chance to affect: 78%)
The orc wizard barely resists.
The orc wizard hits you with a +0 dagger.
* * * LOW HITPOINT WARNING * * *
You take 3 damage, and have 5/19 hp.
Found a potion of magic.
The orc wizard casts a spell at you.
You are confused.
You bump into the rock wall.
You see here a potion of magic.
c - a potion of magic The orc wizard barely misses you.
You bump into the rock wall.
The orc wizard barely misses you.
You miss the orc wizard.
The orc wizard is moderately wounded.
The orc wizard gestures wildly while chanting.
The orc wizard flickers and vanishes!
Deactivating autopickup; reactivate with Ctrl-A.
You bump into the rock wall.
You feel less confused. Something hits you.
* * * LOW HITPOINT WARNING * * *
You take 3 damage, and have 2/19 hp.
Magic courses through your body. Something hits you.
* * * LOW HITPOINT WARNING * * *
You take 1 damage, and have 1/19 hp.
MP restored: 5 You hear some strange, mumbled words.
A puff of flame appears from out of thin air!
The puff of flame misses you.
A magic dart appears from out of thin air!
The magic dart hits you!
You die...

###############
#...{..@......#
#.##########.##
#######.##
#...†....#
#)#####..#
#...# ...#
###.# ...#
#.#....#
#.#.....


There were no monsters in sight!

Vanquished Creatures
  An adder (D:3)
  A ball python (D:3)
  An endoplasm (D:2)
  A giant cockroach (D:1)
  3 goblins (D:1)
  A hobgoblin (D:2)
  A quokka (D:2)
  2 kobolds
11 creatures vanquished.

Vanquished Creatures (others)
  3 plants (D:1)
3 creatures vanquished.

Grand Total: 14 creatures vanquished

Notes
Turn   | Place    | Note
-------+----------+-------------------------------------------
     0 | D:1      | jasper the Demonspawn Necromancer began the quest for the
                  | Orb.
     0 | D:1      | Reached XP level 1. HP: 13/13 MP: 3/3
   403 | D:2      | Learned a level 1 spell: Animate Skeleton
   457 | D:2      | Gained mutation: You have sharp toenails. [demonic
                  | ancestry]
   457 | D:2      | Reached XP level 2. HP: 12/19 MP: 0/5
   578 | D:2      | Noticed Robin
   592 | D:3      | Reached skill level 5 in Necromancy
   689 | D:3      | Killed from afar by an orc wizard

Illustrated notes

Levels and vault maps discovered:
D:1:      lemuel_arrival_rhombus, layout_basic, serial_bayou,
          serial_bayou_shore_b, serial_bayou_crossing, serial_bayou_pond_b,
          serial_bayou_ford_a, minmay_hexomino_r4
D:2:      layout_basic, shapermc_ecumenical_altar_mp_urbaneastern, serial_shops,
          nicolae_square_shop, st_stairs_2, hex_large, uniq_robin
D:3:      layout_basic, serial_shops, shop, nicolae_shop_stone,
          nicolae_diamond_shop

Skill      XL: |  1  2 |
---------------+-------+-----
Necromancy     | 5 |  5.3
Dodging        | |  1.7
Stealth        | |  1.7
Spellcasting   | |  2.0

Action                   || total
-------------------------++-------
Melee: Dagger            ||    10
       Kick              ||     1
 Cast: Pain              ||    24
  Use: Potion            ||     2
Armor: Robe              ||     2
Dodge: Dodged            ||    12

Table legend: (Time is in decaauts)
 A = Elapsed time spent in this place.
 B = Non-inter-level travel time spent in this place.
 C = Inter-level travel time spent in this place.
 D = Time resting spent in this place.
 E = Time spent auto-exploring this place.
 F = Levels seen in this place.
 G = Mean time per level.
                   A        B        C        D        E       F      G
               +--------+--------+--------+--------+--------+-----+--------+
         Total |    687 |    685 |      2 |    448 |     46 |   3 |  229.0 |
       Dungeon |    687 |    685 |      2 |    448 |     46 |   3 |  229.0 |
               +--------+--------+--------+--------+--------+-----+--------+

Top non-repeatable levels by time:
     D:2: 439 daAuts
     D:1: 147 daAuts
     D:3: 100 daAuts
